Map: Emerald City LE

Players

MajorPain

  • Race: Terran Terran
  • League: Diamond
  • Spawn Location: 5:00

Xtian

  • Race: Protoss Protoss
  • Spawn Location: 5:00

Massa - Winner!

  • Race: Terran Terran
  • League: Platinum
  • Spawn Location: 11:00

qqq - Winner!

  • Race: Protoss Protoss
  • League: Platinum
  • Spawn Location: 11:00

VOD

Have the link to the VOD?

Description

Time

  • Played on: Dec. 6, 2020, 6:40 a.m.
  • Length: 14:53
Show
View Real Time Build Order
Export as new Build Order

MajorPain Terran 

Build Orders:  

Get SALT Encoding   

  12  0:00  SCV  
  13  0:12  SCV  
  14  0:18  Supply Depot  
  14  0:24  SCV  
  15  0:40  SCV  
  15  0:42  Barracks  
  16  0:50  Refinery  
  16  0:52  SCV  
  17  1:04  SCV  
  18  1:16  SCV  
  19  1:30  Marine  
  20  1:33  Bunker  
  20  1:44  Orbital Command  
  20  1:47  Marine  
  20  2:14  Marine  
  20  2:28  Command Center  
  20  2:53  SCV  
  21  3:03  Marine  
  21  3:05  SCV  
  23  3:13  Factory  
  23  3:17  Refinery  
  23  3:21  Supply Depot  
  23  3:37  Barracks  
  23  3:39  SCV  
  23  3:40  Engineering Bay  
  24  3:51  SCV  
  24  3:54  Barracks  
  25  4:00  Factory Tech Lab, Command Center  
  25  4:03  Barracks Tech Lab, SCV  
  25  4:07  Orbital Command  
  26  4:16  SCV  
  27  4:18  Missile Turret  
  27  4:26  Barracks Reactor, Missile Turret  
  27  4:28  SCV  
  28  4:33  SCV  
  28  4:36  Stimpack  
  29  4:39  Marine  
  29  4:40  SCV  
  31  4:47  Siege Tank  
  34  4:53  SCV  
  34  4:54  SCV  
  36  5:00  Bunker  
  36  5:02  Marine x2  
  36  5:04  Marine  
  39  5:07  SCV  
  39  5:08  SCV  
  39  5:13  Supply Depot  
  41  5:18  SCV  
  41  5:19  SCV  
  43  5:28  Starport  
  43  5:33  SCV x2  
  45  5:37  Orbital Command  
  45  5:38  Barracks Reactor  
  45  5:44  Refinery  
  45  5:45  SCV  
  45  5:49  Marine x2  
  44  6:07  Marine x2, Viking, Medivac  
  50  6:19  SCV x3  
  50  6:24  Marine  
  50  6:25  Refinery, Barracks Reactor  
  54  6:32  Missile Turret  
  54  6:33  Terran Infantry Weapons Level 1  
  54  6:34  SCV x2  
  54  6:37  Missile Turret  
  56  6:41  Marine  
  56  6:46  SCV x2  
  59  6:48  Armory  
  59  6:50  Orbital Command  
  59  6:52  Marine x2  
  61  6:58  SCV x2  
  61  6:59  Marine  
  64  7:09  Engineering Bay, Marine  
  64  7:10  SCV x2  
  67  7:21  SCV  
  67  7:22  SCV  
  69  7:35  Bunker, Sensor Tower  
  69  7:42  Factory  
  69  7:49  SCV x3, Marine x2, Siege Tank  
  69  7:51  Supply Depot  
  77  7:54  Supply Depot  
  77  7:55  Terran Infantry Armor Level 1  
  77  8:03  Supply Depot  
  77  8:12  SCV x3, Marine x5  
  85  8:14  Supply Depot  
  85  8:15  Liberator  
  85  8:16  Liberator  
  91  8:25  SCV  
  92  8:30  Marine x5  
  99  8:38  Factory Tech Lab  
  99  8:39  SCV x2  
  99  8:44  Refinery  
  99  8:45  Refinery  
  99  8:46  Siege Tank  
  99  8:48  Marine x4  
  105  8:49  Marine  
  105  8:52  Combat Shield  
  107  8:58  Factory  
  107  9:06  Marine x2  
  109  9:11  Liberator, Marine, Siege Tank  
  109  9:12  Marine  
  117  9:25  Marine x2, Thor  
  117  9:26  Terran Vehicle Weapons Level 1  
  117  9:28  Supply Depot  
  125  9:41  Marine x3  
  125  9:43  Marine  
  125  9:44  Supply Depot  
  129  9:50  Marine  
  130  9:58  Marine x3  
  125  10:01  Marine  
  116  10:08  Marine  
  109  10:16  Marine  
  109  10:20  Marine  
  109  10:21  Marine  
  110  10:24  Marine  
  110  10:26  Marine  
  112  10:34  Marine  
  102  10:38  Marine x2  
  102  10:42  Marine  
  104  10:44  Marine  
  104  10:46  Thor x2  
  117  10:52  Marine  
  117  10:56  Marine x2  
  117  10:57  Command Center  
  120  10:59  Marine  
  120  11:01  Liberator x2  
  112  11:23  Marine  
  112  11:24  Marine  
  112  11:25  Marine x2  
  96  11:27  Terran Infantry Weapons Level 2  
  96  11:29  Terran Infantry Armor Level 2  
  93  11:35  Thor  
  93  11:36  Barracks, Siege Tank  
  93  11:39  Barracks  
  104  11:41  Marine x2  
  104  11:44  Medivac  
  96  12:01  Barracks Reactor  
  94  12:07  Marine x4  
  90  12:14  Thor  
  90  12:15  Siege Tank  
  91  12:18  Hellion  
  86  12:24  Marine  
  86  12:25  Marine x3  
  86  12:27  Marine  
  86  12:28  Marine  
  87  12:37  Marine  
  87  12:42  Marine x2  
  87  12:43  Marine x2  
  89  12:52  Marine x3  
  89  12:54  Siege Tank  
  89  12:55  Marine  
  96  13:00  Marine x3  
  99  13:17  Marine x2  
  99  13:18  Marine x2  
  103  13:21  Orbital Command  
  103  13:25  SCV x2  
  105  13:28  Marine  
  105  13:29  Marine  
  109  13:37  SCV  
  109  13:39  Marine  
  109  13:40  Marine x2  
  111  13:45  Marine  
  112  13:48  SCV  
  112  13:54  Marine x2  
  115  13:59  SCV x2  
  117  14:04  Marine x2  
  110  14:25  Marine x3  
  110  14:27  Marine x2  
  110  14:28  Marine x3  
Show
View Real Time Build Order
Export as new Build Order

Xtian Protoss 

Build Orders: Carriers 

Get SALT Encoding   

  12  0:00  Probe (Chrono Boost)  
  13  0:11  Probe (Chrono Boost)  
  14  0:16  Probe (Chrono Boost)  
  15  0:26  Pylon  
  15  0:44  Probe, Gateway  
  16  0:50  Assimilator  
  16  0:54  Assimilator  
  16  0:56  Probe  
  17  1:08  Probe  
  18  1:33  Forge  
  18  2:17  Photon Cannon  
  18  2:23  Photon Cannon  
  18  2:27  Pylon  
  18  2:36  Pylon  
  18  2:41  Cybernetics Core  
  17  2:59  Photon Cannon  
  17  3:02  Photon Cannon  
  17  3:12  Probe (Chrono Boost)  
  18  3:22  Probe (Chrono Boost)  
  18  3:27  Probe (Chrono Boost)  
  20  3:38  Probe  
  21  3:44  Stargate  
  21  3:50  Probe  
  22  4:00  Nexus  
  22  4:02  Probe  
  22  4:04  Pylon  
  23  4:25  Oracle (Chrono Boost)  
  26  4:37  Probe  
  26  4:45  Void Ray  
  26  4:51  Photon Cannon  
  30  5:00  Photon Cannon  
  30  5:11  Pylon  
  30  5:12  Probe (Chrono Boost)  
  31  5:16  Void Ray  
  31  5:23  Probe (Chrono Boost)  
  31  5:28  Probe (Chrono Boost)  
  37  5:38  Probe  
  35  6:07  Void Ray (Chrono Boost)  
  39  6:19  Probe (Chrono Boost)  
  40  6:27  Photon Cannon  
  40  6:28  Photon Cannon  
  40  6:29  Probe (Chrono Boost)  
  41  6:36  Probe (Chrono Boost)  
  41  6:37  Void Ray  
  41  6:38  Probe (Chrono Boost), Assimilator  
  48  6:48  Probe (Chrono Boost)  
  48  6:50  Probe (Chrono Boost)  
  48  6:53  Probe (Chrono Boost)  
  49  6:57  Probe  
  51  7:04  Pylon  
  51  7:05  Probe (Chrono Boost)  
  52  7:11  Assimilator  
  52  7:14  Void Ray  
  52  7:15  Probe (Chrono Boost)  
  54  7:17  Probe (Chrono Boost)  
  59  7:24  Probe (Chrono Boost)  
  59  7:25  Probe (Chrono Boost)  
  60  7:30  Protoss Shields Level 1  
  60  7:32  Probe (Chrono Boost)  
  62  7:37  Probe (Chrono Boost)  
  62  7:44  Fleet Beacon, Protoss Air Weapons Level 1  
  62  7:48  Probe, Void Ray (Chrono Boost)  
  67  8:00  Probe  
  68  8:11  Stargate  
  68  8:12  Probe, Nexus  
  69  8:24  Probe  
  69  8:25  Pylon  
  70  8:46  Photon Cannon  
  70  8:50  Photon Cannon  
  70  8:54  Assimilator  
  70  8:57  Assimilator  
  70  9:01  Carrier x2 (Chrono Boost)  
  82  9:23  Probe (Chrono Boost)  
  83  9:33  Probe (Chrono Boost)  
  84  9:41  Probe (Chrono Boost)  
  93  9:48  Mothership (Chrono Boost)  
  94  9:54  Probe (Chrono Boost)  
  94  10:02  Probe  
  94  10:04  Protoss Air Weapons Level 2  
  91  10:14  Probe  
  84  10:50  Carrier (Chrono Boost)  
  84  10:51  Carrier (Chrono Boost)  
  96  10:59  Twilight Council  
  96  11:01  Probe (Chrono Boost)  
  97  11:10  Probe (Chrono Boost)  
  98  11:15  Probe (Chrono Boost)  
  87  11:27  Probe  
  88  11:39  Probe  
  89  11:44  Stargate  
  89  11:48  Carrier x2 (Chrono Boost)  
  101  11:57  Pylon  
  101  12:03  Probe  
  93  12:15  Probe  
  94  12:27  Probe  
  95  12:40  Probe  
  68  12:52  Carrier  
  68  12:53  Carrier x2  
  86  13:22  Nexus  
  94  14:10  Pylon  
  94  14:11  Pylon  
  94  14:12  Pylon x2  
  94  14:14  Pylon x2  
Show
View Real Time Build Order
Export as new Build Order

Massa Terran - Winner!

Build Orders: Reaper Expand 

Get SALT Encoding   

  12  0:00  SCV  
  13  0:18  SCV  
  14  0:24  Supply Depot  
  14  0:30  SCV  
  15  0:46  SCV  
  15  0:47  Barracks  
  16  0:50  Refinery  
  16  0:58  SCV  
  17  1:10  SCV  
  18  1:22  SCV  
  19  1:36  Reaper  
  19  1:38  Orbital Command  
  20  1:46  Command Center  
  20  2:05  SCV  
  21  2:08  Marine  
  22  2:20  SCV  
  23  2:34  Barracks Reactor  
  23  2:35  Factory  
  23  2:36  Supply Depot  
  23  3:04  SCV  
  24  3:06  Orbital Command  
  24  3:12  Command Center  
  23  3:16  SCV  
  23  3:17  Refinery  
  23  3:18  Engineering Bay  
  24  3:20  Supply Depot  
  24  3:22  Factory Tech Lab  
  24  3:23  Marine  
  25  3:27  Marine  
  25  3:28  SCV  
  25  3:32  Starport  
  27  3:35  SCV  
  27  3:40  SCV  
  29  3:43  Marine  
  29  3:45  Marine  
  29  3:47  SCV  
  32  3:52  SCV  
  33  3:59  SCV, Siege Tank  
  37  4:05  SCV  
  38  4:11  SCV  
  38  4:17  SCV  
  40  4:19  Medivac  
  40  4:20  Marine x2  
  40  4:23  SCV  
  45  4:24  Barracks  
  45  4:32  SCV  
  45  4:35  SCV  
  45  4:38  Marine  
  47  4:39  Terran Infantry Weapons Level 1  
  47  4:43  Missile Turret  
  47  4:44  SCV  
  49  4:47  SCV, Missile Turret  
  49  4:52  Widow Mine, Marine  
  52  4:56  Marine  
  54  5:00  SCV x2  
  56  5:10  Marine  
  56  5:12  SCV x2  
  59  5:16  Planetary Fortress  
  59  5:20  Barracks Tech Lab  
  59  5:21  Marine  
  60  5:24  SCV  
  60  5:26  SCV  
  60  5:28  Marine  
  62  5:33  Refinery  
  63  5:35  Refinery  
  63  5:36  SCV  
  63  5:38  SCV  
  63  5:39  Marine  
  66  5:46  Marine  
  66  5:48  SCV  
  68  5:50  SCV  
  69  6:08  Missile Turret  
  69  6:11  Missile Turret  
  69  6:16  Starport Reactor  
  69  6:19  Armory  
  69  6:27  Supply Depot  
  69  6:28  Supply Depot  
  69  6:29  Command Center  
  69  6:31  Supply Depot x2  
  69  6:34  Terran Infantry Armor Level 1, Engineering Bay  
  69  6:44  Stimpack  
  69  6:48  SCV x3, Marine x2, Siege Tank  
  69  6:50  Marauder  
  69  6:53  Refinery  
  79  6:54  Refinery  
  79  6:55  Supply Depot  
  79  6:56  Supply Depot  
  79  6:58  Sensor Tower, Supply Depot  
  79  7:00  SCV x3  
  82  7:06  Marine x2  
  82  7:07  Barracks  
  84  7:11  Marine  
  84  7:12  SCV x3  
  84  7:14  Terran Infantry Weapons Level 2  
  88  7:20  Barracks  
  88  7:21  Widow Mine, Barracks  
  90  7:24  Marine  
  90  7:25  SCV x3, Marine  
  90  7:29  Marauder  
  97  7:37  SCV x3  
  100  7:42  Marine x2  
  102  7:49  SCV x3  
  102  7:51  Marauder  
  107  8:00  Marine, Missile Turret  
  107  8:01  SCV x3, Missile Turret  
  107  8:05  Terran Vehicle Weapons Level 1  
  111  8:13  SCV  
  111  8:15  Ghost Academy  
  111  8:16  Medivac x2  
  111  8:18  Marauder  
  111  8:19  Barracks Reactor, Barracks Tech Lab  
  118  8:20  Barracks Tech Lab, Missile Turret  
  118  8:24  Concussive Shells  
  118  8:26  Marine x2  
  120  8:37  Planetary Fortress  
  120  8:38  SCV x2  
  120  8:40  Marauder  
  124  8:42  Missile Turret  
  124  8:44  Marine x2  
  126  8:49  Missile Turret  
  126  8:52  SCV  
  126  8:53  SCV x2  
  131  8:55  Marauder  
  131  8:56  Marauder, Marine x2  
  131  9:01  Marauder  
  131  9:02  Marine x2  
  139  9:03  Terran Infantry Armor Level 2  
  139  9:05  SCV  
  139  9:06  Personal Cloaking  
  140  9:12  Supply Depot  
  140  9:13  Supply Depot  
  140  9:15  Supply Depot x2  
  140  9:33  SCV, Marine  
  140  9:34  Marauder x3, Marine x2  
  140  9:37  Supply Depot  
  140  9:38  Refinery, Supply Depot  
  140  9:40  Refinery, Supply Depot  
  140  9:41  SCV x3  
  143  9:45  SCV  
  143  9:51  Command Center  
  143  9:52  Terran Infantry Weapons Level 3  
  144  9:53  SCV x3  
  144  9:55  Marauder x3  
  144  9:56  Marine x4  
  144  9:58  SCV  
  158  10:00  Thor  
  151  10:13  Marine  
  151  10:14  Marine x3  
  140  10:16  Marauder x2  
  140  10:17  Marauder  
  148  10:31  Marine  
  148  10:34  Marine x3  
  142  10:38  Marauder x3  
  142  10:41  Medivac  
  142  10:42  Medivac  
  152  10:43  Thor  
  152  10:49  Marine  
  159  10:52  Marine  
  160  10:59  Marauder x3  
  166  11:11  Medivac  
  166  11:12  Medivac  
  159  11:21  Marauder x3  
  165  11:25  Marine  
  165  11:26  Marine x2, Thor  
  174  11:41  Medivac  
  174  11:42  Marauder x3, Medivac  
  179  12:03  Marauder x2  
  179  12:04  Marauder  
  185  12:08  Thor  
  185  12:11  Viking x2  
  186  12:19  Marine  
  186  12:20  Marine x2  
  181  12:25  Marauder x3  
  181  12:29  Marine  
  171  12:37  Marine  
  166  12:46  Marauder x3  
  164  12:55  Marine x4  
  168  13:08  Marauder x3  
  174  13:12  Marine  
  174  13:13  Marine x3  
  178  13:24  Barracks  
  178  13:25  Barracks  
  178  13:26  Barracks  
  178  13:27  Barracks  
  178  13:29  Marauder x3  
  178  13:30  Marine  
  178  13:31  Marine, Command Center  
  186  13:46  Marine x2, Command Center  
  186  13:48  Marine  
  188  13:49  Thor  
  188  13:50  Marauder x2  
  199  13:57  Factory  
  199  14:14  Barracks Tech Lab  
  199  14:15  Barracks Tech Lab x2  
  199  14:16  Barracks Reactor  
Show
View Real Time Build Order
Export as new Build Order

qqq Protoss - Winner!

Build Orders: Carriers 

Get SALT Encoding   

  12  0:03  Probe  
  13  0:27  Pylon  
  13  0:30  Probe  
  14  0:42  Probe  
  14  0:45  Forge  
  15  0:53  Pylon  
  15  1:11  Pylon  
  15  1:12  Pylon  
  15  1:21  Pylon  
  15  1:31  Photon Cannon  
  15  1:37  Photon Cannon  
  14  2:25  Probe  
  14  2:28  Nexus  
  15  2:32  Gateway  
  15  2:44  Probe (Chrono Boost)  
  16  2:47  Assimilator  
  16  2:51  Assimilator  
  16  2:55  Probe (Chrono Boost)  
  17  3:00  Probe (Chrono Boost)  
  18  3:10  Probe (Chrono Boost)  
  19  3:22  Probe (Chrono Boost)  
  20  3:29  Probe (Chrono Boost)  
  21  3:36  Probe (Chrono Boost)  
  21  3:37  Cybernetics Core  
  21  3:40  Photon Cannon  
  22  3:48  Probe x2 (Chrono Boost)  
  24  3:52  Pylon  
  24  3:58  Probe x2 (Chrono Boost)  
  26  4:05  Probe (Chrono Boost)  
  26  4:06  Probe (Chrono Boost)  
  26  4:09  Pylon  
  28  4:10  Probe (Chrono Boost)  
  28  4:17  Probe  
  30  4:22  Probe  
  31  4:27  Stargate  
  31  4:31  Probe  
  32  4:34  Probe  
  33  4:40  Stargate  
  33  4:43  Probe  
  34  4:46  Probe  
  35  4:55  Probe  
  35  4:57  Assimilator  
  35  4:58  Probe  
  37  5:00  Assimilator  
  37  5:04  Robotics Facility  
  37  5:08  Pylon  
  37  5:10  Probe  
  37  5:11  Probe  
  39  5:16  Phoenix (Chrono Boost)  
  41  5:23  Probe x2  
  43  5:35  Probe x2  
  47  5:36  Phoenix (Chrono Boost)  
  47  5:39  Phoenix (Chrono Boost)  
  48  5:45  Protoss Air Weapons Level 1 (Chrono Boost)  
  48  5:47  Probe x2  
  45  5:54  Phoenix  
  42  5:59  Probe  
  42  6:02  Probe  
  41  6:11  Probe  
  41  6:14  Probe  
  41  6:17  Observer  
  44  6:24  Probe  
  45  6:26  Probe  
  45  6:30  Phoenix  
  48  6:36  Probe  
  48  6:38  Probe, Observer  
  51  6:46  Phoenix  
  53  6:48  Probe  
  53  6:50  Probe  
  55  7:00  Probe, Phoenix, Fleet Beacon  
  58  7:11  Probe  
  58  7:14  Probe  
  60  7:19  Phoenix  
  61  7:23  Probe, Pylon  
  62  7:34  Pylon  
  62  7:37  Pylon  
  62  7:41  Phoenix  
  62  7:42  Probe  
  65  7:52  Protoss Air Armor Level 1  
  65  7:56  Carrier  
  71  8:04  Nexus  
  71  8:09  Observer, Pylon  
  71  8:15  Tempest  
  76  8:22  Photon Cannon  
  77  8:27  Observer  
  77  8:50  Photon Cannon  
  77  8:58  Nexus  
  77  8:59  Carrier  
  77  9:02  Pylon  
  83  9:12  Carrier  
  89  9:27  Photon Cannon  
  89  9:43  Anion Pulse-Crystals  
  87  10:03  Carrier  
  74  10:25  Carrier  
  78  10:52  Shield Battery  
  78  10:53  Photon Cannon  
  78  10:55  Probe x2  
  78  10:57  Pylon  
  80  11:07  Probe x2, Carrier  
  88  11:19  Probe x2  
  90  11:29  Phoenix  
  90  11:31  Probe  
  90  11:32  Probe  
  94  11:42  Twilight Council  
  94  11:43  Probe, Gateway  
  94  11:44  Probe  
  96  11:54  Phoenix  
  98  11:56  Probe x2  
  100  12:08  Probe x2  
  96  12:20  Probe  
  97  12:24  Tempest x2  
  99  12:50  Probe x2  
  101  13:01  Charge (Chrono Boost), Stalker  
  101  13:02  Probe x2, Zealot  
  107  13:07  Tempest x2  
  107  13:08  Assimilator  
  107  13:11  Assimilator  
  117  13:13  Assimilator  
  117  13:14  Probe x2  
  117  13:15  Assimilator  
  119  13:23  Observer, Nexus  
  119  13:26  Probe  
  121  13:27  Probe  
  121  13:29  Zealot  
  121  13:31  Zealot  
  126  13:38  Probe  
  126  13:39  Probe  
  128  13:50  Tempest x2, Probe  
  128  13:51  Probe  
  140  14:10  Pylon  
  140  14:14  Probe, Pylon  
  140  14:15  Zealot  
  139  14:20  Zealot  
  132  14:26  Probe  
  114  14:38  Probe  
Tags
 
Add a new tag
Caveats
  • Supply blocks, unpowered buildings, or Contaminate may cause inaccurate times.
  • Supply counts are checked every 10 seconds.